 Dungeon Crawl Stone Soup version 0.27-a0-1525-g1038ab4fd7 (webtiles) character file.

Game seed: 13009304103613954840

136 hatdisgam the Covert (level 5, -1/47 HPs)
             Began as a Gnoll Delver on July 11, 2021.
             Was a Believer of Zin.
             Slain by a wyvern skeleton (8 damage)
             ... on level 4 of the Dungeon.
             The game lasted 00:04:06 (3388 turns).

hatdisgam the Covert (Gnoll Delver)                 Turns: 3388, Time: 00:04:06

Health: -1/47      AC:  3    Str: 12    XL:     5   Next: 19%
Magic:  7/7        EV: 13    Int: 10    God:    Zin [**....]
Gold:   149        SH:  0    Dex: 13    Spells: 6/6 levels left

rFire    . . .     SeeInvis .   l - +0 whip (freeze)
rCold    + . .     Faith    +   (no shield)
rNeg     . . .     Spirit   .   b - +0 leather armour
rPois    .         Reflect  .   (no helmet)
rElec    .         Harm     .   (no cloak)
rCorr    +         Rampage  .   (no gloves)
Will     .....                  (no boots)
Stlth    ++++......             n - amulet of faith
HPRegen  0.15/turn              h - ring of protection from cold
MPRegen  0.10/turn              k - ring of resist corrosion

@: mighty, attractive
A: fangs 1, strong nose, distributed training
a: Renounce Religion, Recite, Vitalisation, Donate Gold


You were on level 4 of the Dungeon.
You worshipped Zin.
Zin was pleased with you.
You visited 1 branch of the dungeon, and saw 5 of its levels.

You collected 165 gold pieces.
You donated 16 gold pieces to Zin.

Inventory:

Hand Weapons
 a - a +0 falchion
 l - a +0 whip of freezing (weapon)
Missiles
 p - 7 stones (quivered)
 t - 19 poisoned darts
 u - 24 sling bullets
 v - 23 bolts
Armour
 b - a +0 leather armour (worn)
Jewellery
 h - a ring of protection from cold (left hand)
 k - a ring of resist corrosion (right hand)
 n - an amulet of faith (around neck)
 q - an amulet of the acrobat
Wands
 g - a wand of digging (3)
 y - a wand of flame (19)
Scrolls
 c - a scroll of fog
 d - 2 scrolls of magic mapping
 e - 4 scrolls of fear
 i - a scroll of enchant armour {unknown}
 m - 2 scrolls of identify {unknown}
 o - 4 scrolls of vulnerability {unknown}
 x - a scroll of enchant weapon {unknown}
Potions
 z - a potion of curing {unknown}
 A - a potion of degeneration {unknown}


   Skills:
 + Level 6.6 Fighting
 + Level 1.4 Short Blades
 + Level 4.7 Long Blades
 + Level 1.4 Axes
 + Level 1.4 Maces & Flails
 + Level 1.4 Polearms
 + Level 1.4 Staves
 + Level 1.4 Slings
 + Level 1.4 Bows
 + Level 1.4 Crossbows
 + Level 1.4 Throwing
 + Level 1.4 Armour
 + Level 4.7 Dodging
 + Level 9.6 Stealth
 + Level 1.4 Shields
 + Level 1.4 Unarmed Combat
 + Level 1.4 Spellcasting
 + Level 1.1 Conjurations
 + Level 1.1 Hexes
 + Level 1.1 Summonings
 + Level 1.1 Necromancy
 + Level 1.1 Translocations
 + Level 1.1 Transmutations
 + Level 1.1 Fire Magic
 + Level 1.1 Ice Magic
 + Level 1.1 Air Magic
 + Level 1.1 Earth Magic
 + Level 1.1 Poison Magic
 + Level 1.5 Invocations
 + Level 1.4 Evocations


You had 6 spell levels left.
You didn't know any spells.
Your spell library was empty.

Dungeon Overview and Level Annotations

Branches:
Dungeon (5/15)
 Temple: D:4-7

Altars:
Kikubaaqudgha
Yredelemnul
Zin


Innate Abilities, Weirdness & Mutations

You have very sharp teeth.
Your uncanny sense of smell can sniff out nearby items.
Your experience applies equally to all skills.


Message History

The wyvern skeleton completely misses you.
You hit the wyvern skeleton but do no damage.
You bite the wyvern skeleton.
The wyvern skeleton is moderately damaged.
The wyvern skeleton misses you.
The wyvern skeleton bites you but does no damage.
You feel yourself speed up. The wyvern skeleton closely misses you.
You hit the wyvern skeleton.
The wyvern skeleton is heavily damaged.
The wyvern skeleton bites you.
* * * LOW HITPOINT WARNING * * *
You hit the wyvern skeleton. Your bite misses the wyvern skeleton.
The wyvern skeleton is heavily damaged.
The wyvern skeleton closely misses you.
You hit the wyvern skeleton but do no damage.
The wyvern skeleton is heavily damaged.
The wyvern skeleton bites you.
* * * LOW HITPOINT WARNING * * *
You hit the wyvern skeleton but do no damage.
The wyvern skeleton is heavily damaged.
The wyvern skeleton bites you but does no damage.
You hit the wyvern skeleton.
The wyvern skeleton is severely damaged.
It was a potion of mutation.
You feel extremely strange.
You feel robust.
You feel frail.
Zin protects your body from mutation! x2
Zin forgives your inadvertent chaotic act, just this once.
The wyvern skeleton closely misses you.
It was a potion of cancellation.
Your magical effects are unravelling.
You feel magically purged.
You feel yourself slow down.
The wyvern skeleton bites you but does no damage.
It was a potion of attraction.
You feel attractive to monsters. The wyvern skeleton misses you.
It was a potion of might.
You feel very mighty all of a sudden. The wyvern skeleton bites you!
You die...

#.# #<# .........#
###......# ∆
##.#...#
##############.###
..........)# #.#
..#...#...####.#
......Z@....##.#
..#...#...#....#
...........###.#
################ #.#
#.# .........# #.#
#.# #
#....##########.#
#.#
#.##.#.............#
#.#
#......####.########
#.# ####.#.# #..#


You could see a wyvern skeleton.

Vanquished Creatures
  A hound (D:5)
  4 adders
  2 worms (D:3)
  A dart slug (D:1)
  4 orcs (D:4)
  5 endoplasms
  4 giant cockroaches (D:1)
  7 goblins
  6 hobgoblins
  2 quokkas
  3 ball pythons
  6 bats
  4 frilled lizards
  3 kobolds
  6 rats
58 creatures vanquished.

Vanquished Creatures (others)
  A demonic plant (D:1)
  4 fungi (D:4)
  4 plants
9 creatures vanquished.

Grand Total: 67 creatures vanquished

Notes
Turn   | Place    | Note
-------+----------+-------------------------------------------
     0 | D:5      | Reached skill level 9 in Stealth
     0 | D:5      | hatdisgam the Gnoll Delver began the quest for the Orb.
     0 | D:5      | Reached XP level 1. HP: 23/23 MP: 1/1
   115 | D:5      | Found an ancient bone altar of Kikubaaqudgha.
   123 | D:5      | Noticed a hound
   140 | D:5      | Killed a hound
   141 | D:5      | Reached XP level 2. HP: 11/29 MP: 2/2
   141 | D:5      | Reached XP level 3. HP: 13/35 MP: 3/3
   366 | D:3      | Found a basalt altar of Yredelemnul.
   661 | D:1      | Reached skill level 1 in Invocations
   699 | D:1      | Found a faded altar of an unknown god.
   714 | D:1      | Became a worshipper of Zin the Law-Giver
   714 | D:1      | Reached * piety under Zin
   731 | D:1      | Reached skill level 1 in Short Blades
   731 | D:1      | Reached skill level 1 in Axes
   731 | D:1      | Reached skill level 1 in Maces & Flails
   731 | D:1      | Reached skill level 1 in Polearms
   731 | D:1      | Reached skill level 1 in Staves
   731 | D:1      | Reached skill level 1 in Slings
   731 | D:1      | Reached skill level 1 in Bows
   731 | D:1      | Reached skill level 1 in Crossbows
   731 | D:1      | Reached skill level 1 in Throwing
   731 | D:1      | Reached skill level 1 in Armour
   731 | D:1      | Reached skill level 1 in Shields
   731 | D:1      | Reached skill level 1 in Unarmed Combat
   731 | D:1      | Reached skill level 1 in Spellcasting
   731 | D:1      | Reached skill level 1 in Evocations
   872 | D:1      | Reached XP level 4. HP: 25/41 MP: 5/5
  1357 | D:1      | Reached ** piety under Zin
  2240 | D:2      | Reached skill level 1 in Conjurations
  2240 | D:2      | Reached skill level 1 in Hexes
  2240 | D:2      | Reached skill level 1 in Summonings
  2240 | D:2      | Reached skill level 1 in Necromancy
  2240 | D:2      | Reached skill level 1 in Translocations
  2240 | D:2      | Reached skill level 1 in Transmutations
  2240 | D:2      | Reached skill level 1 in Fire Magic
  2240 | D:2      | Reached skill level 1 in Ice Magic
  2240 | D:2      | Reached skill level 1 in Air Magic
  2240 | D:2      | Reached skill level 1 in Earth Magic
  2240 | D:2      | Reached skill level 1 in Poison Magic
  2950 | D:3      | You fall into a shaft and drop 1 floor!
  3057 | D:4      | Reached XP level 5. HP: 47/47 MP: 5/7
  3385 | D:4      | Gained mutation: You are robust. (+10% HP) [potion of
                  | mutation]
  3385 | D:4      | Lost mutation: You are robust. (+10% HP) [potion of
                  | mutation]
  3388 | D:4      | Slain by a wyvern skeleton

Illustrated notes

Levels and vault maps discovered:
D:1:      kennysheep_arrival_forest, layout_loops_cross,
          shapermc_ecumenical_altar_gd, serial_forest,
          infiniplex_forest_lined_3, infiniplex_forest_lined_room_,
          infiniplex_forest_clump_medium, infiniplex_forest_straight_1,
          infiniplex_forest_straight_4, infiniplex_forest_clump_C
D:2:      layout_loops_ring
D:3:      layout_basic, lemuel_crystal_altar, lightli_temple_of_fire
D:4:      layout_loops_corners, lemuel_coloured_pillars_altar, serial_aquarium,
          aquarium_bridge_straight [aquarium_subvault_bridge,
          aquarium_subvault_window, aquarium_subvault_bridge,
          aquarium_subvault_wall], aquarium_bridge_long_joined
          [aquarium_subvault_bridge, aquarium_subvault_wall,
          aquarium_subvault_bridge, aquarium_subvault_bridge,
          aquarium_subvault_bridge, aquarium_subvault_wall],
          aquarium_window_corner, aquarium_window_corner, aquarium_window_fake,
          aquarium_view_2d, aquarium_view_2e
D:5:      layout_loops_cross, mainiacjoe_overflow_boulevard,
          lemuel_crystal_altar, uniq_ijyb

Skill      XL: |  1  2  3  4 |
---------------+-------------+-----
Stealth        | |  9.6
Invocations    | 1 |  1.5
Short Blades   | 1 |  1.4
Axes           | 1 |  1.4
Maces & Flails | 1 |  1.4
Polearms       | 1 |  1.4
Staves         | 1 |  1.4
Slings         | 1 |  1.4
Bows           | 1 |  1.4
Crossbows      | 1 |  1.4
Throwing       | 1 |  1.4
Armour         | 1 |  1.4
Shields        | 1 |  1.4
Unarmed Combat | 1 |  1.4
Spellcasting   | 1 |  1.4
Evocations     | 1 |  1.4
Conjurations   | 1 |  1.1
Hexes          | 1 |  1.1
Summonings     | 1 |  1.1
Necromancy     | 1 |  1.1
Translocations | 1 |  1.1
Transmutations | 1 |  1.1
Fire Magic     | 1 |  1.1
Ice Magic      | 1 |  1.1
Air Magic      | 1 |  1.1
Earth Magic    | 1 |  1.1
Poison Magic   | 1 |  1.1
Fighting       | |  6.6
Long Blades    | |  4.7
Dodging        | |  4.7

Action                   |  1- 3 |  4- 6 || total
-------------------------+-------+-------++-------
Melee: Falchion          |    81 |    11 ||    92
       Bite              |    11 |     7 ||    18
       Whip              |       |   102 ||   102
       Punch             |       |     1 ||     1
  Use: Potion            |       |     5 ||     5
 Stab: Sleeping          |     8 |    15 ||    23
Armor: Leather armour    |    22 |    11 ||    33
Dodge: Dodged            |    58 |    57 ||   115
       Rpst.: Falchion   |    14 |       ||    14

Table legend: (Time is in decaauts)
 A = Elapsed time spent in this place.
 B = Non-inter-level travel time spent in this place.
 C = Inter-level travel time spent in this place.
 D = Time resting spent in this place.
 E = Time spent auto-exploring this place.
 F = Levels seen in this place.
 G = Mean time per level.
                   A        B        C        D        E       F      G
               +--------+--------+--------+--------+--------+-----+--------+
         Total |   3395 |   3323 |     72 |    186 |   2540 |   5 |  679.0 |
       Dungeon |   3395 |   3323 |     72 |    186 |   2540 |   5 |  679.0 |
               +--------+--------+--------+--------+--------+-----+--------+

Top non-repeatable levels by time:
     D:2: 1160 daAuts
     D:1: 1007 daAuts
     D:4: 569 daAuts
     D:3: 440 daAuts
     D:5: 217 daAuts
